 Dungeon Crawl Stone Soup version 0.31-a0-879-g1609e0ac53 (webtiles) character file.

Game seed: 17875256673203063710

1 Kurtz the Sneak (level 1, 8/18 (21) HPs)
             Began as a Naga Delver on Oct 14, 2023.
             Quit the game on level 4 of the Dungeon.
             The game lasted 00:00:49 (126 turns).

Kurtz the Sneak (Naga Delver)                        Turns: 126, Time: 00:00:50

HP:   8/18 (21)     AC:  3    Str: 14    XL:     1   Next: 20%
MP:   1/1           EV:  7    Int: 10    God:
Gold: 0             SH:  0    Dex: 12    Spells: 0/0 levels left

rFire   . . .        a - +0 hand axe
rCold   . . .        (no shield)
rNeg    . . .        h - +0 scale mail
rPois   +            (no helmet)
rElec   .            (no cloak)
rCorr   .            (no gloves)
SInv    +            (no barding)
Will    .....        (no amulet)
Stlth   ++           (no ring)
HPRegen 0.23/turn    (no ring)
MPRegen 0.07/turn

%: no passive effects
@: hasted, heavily drained, quick
A: AC +0, large, see invisible, deformed body, poison resistance, slowness 2,
spit poison 1, naga tail 1
a: Spit Poison


You were on level 4 of the Dungeon.
You visited 1 branch of the dungeon, and saw 2 of its levels.

Inventory:

Hand Weapons
 a - a +0 hand axe (weapon)
Armour
 b - a +0 leather armour
 h - a +0 scale mail (worn)
Wands
 g - a wand of digging (3)
Scrolls
 c - a scroll of fog
 d - a scroll of revelation
 e - a scroll of fear
 i - 2 scrolls of poison


   Skills:
 - Level 3.0 Fighting
 * Level 2.1 Axes
 - Level 1.5 Dodging
 - Level 7.2 Stealth


You couldn't memorise any spells.
You didn't know any spells.
Your spell library was empty.

Dungeon Overview and Level Annotations

Branches:
Dungeon (5/15)
 Temple: D:4-7

Altars:

Annotations:
D:4 Edmund


Innate Abilities, Weirdness & Mutations

Your serpentine skin is tough. (AC +0)
You have supernaturally acute eyesight. (SInv)
Armour fits poorly on your strangely shaped body.
Your system is resistant to poisons. (rPois)
You cover ground very slowly.
You can spit poison.
You have a snake-like lower body.


Message History

The ball python bites you but does no damage.
You hit the ball python but do no damage.
The ball python bites you.
You hit the ball python.
You kill the ball python!
No target in view!
No target in view!
You see here a ball python corpse.
i - 3 scrolls labelled JIUMEP NOTWEJO
Found a stone staircase leading down.
A ball python comes into view.
A worm comes into view.
Found 13 gold pieces.
Found 3 gold pieces.
Edmund the Younger comes into view.
He is wielding a +3 flail of draining and wearing a +2 chain mail of poison resistance.
Found a book of Burglary.
Edmund shouts!
You hear an angry hiss.
You hear a shout!
Okay, then.
The air fills with toxic fumes!
As you read the scroll labelled JIUMEP NOTWEJO, it crumbles to dust.
It was a scroll of poison.
You feel yourself speed up.
You hit Edmund.
Edmund is lightly wounded.
Edmund hits you with a +3 flail of draining.
You feel drained.
Aiming: Spit Poison (3% risk of failure)
Press: ? - help, Shift-Dir - straight line, f - Edmund
Aim: Edmund, wielding a +3 flail of draining and wearing a +2 chain mail of poison resistance (poison gas, lightly wounded, 65% to hit)
The splash of poison misses Edmund.
Edmund hits you with a +3 flail of draining!
You feel drained.
You have got your breath back.
Aiming: Spit Poison (3% risk of failure)
Press: ? - help, Q - select action Shift-Dir - straight line, f/p - Edmund
Aim: Edmund, wielding a +3 flail of draining and wearing a +2 chain mail of poison resistance (lightly wounded, 65% to hit)
Okay, then.
Are you sure you want to abandon this character and quit the game? (Confirm with "yes".)
Okay, then.
Are you sure you want to abandon this character and quit the game? (Confirm with "yes".)

#.#.# #.# #.#.# #.###
#...# #...## #..##
###..# #..### ##.#
##...# #.....
##..#.#### #.....
##......... #.....
#..@....... #.....
##.@........$ ..w.S.
#..#############.....
#.## #............$
#☼######........
#...............
###############:


You could see Edmund.

Vanquished Creatures
  A ball python (D:4)
1 creature vanquished.

Notes
Turn   | Place    | Note
-------+----------+-------------------------------------------
     0 | D:5      | Kurtz the Naga Delver began the quest for the Orb.
     0 | D:5      | Reached XP level 1. HP: 21/21 MP: 1/1
   109 | D:4      | Noticed Edmund
   126 | D:4      | Quit the game

Illustrated notes

Levels and vault maps discovered:
D:4:      layout_rooms, biasface_ghost_orc_armoury, solitary_fountain,
          uniq_edmund
D:5:      layout_layer_cave, mainiacjoe_overflow_alcove_1,
          nicolae_dithmenos_through_a_glass_darkly, temple_doors_ab,
          solitary_fountain, nicolae_figureground_pulse

Action                     || total
---------------------------++-------
  Melee: Hand axe          ||     3
Ability: Spit Poison       ||     1
    Use: Scroll            ||     1
         Potion            ||     1
 Armour: Scale mail        ||     5

Table legend: (Time is in decaauts)
 A = Elapsed time spent in this place.
 B = Non-inter-level travel time spent in this place.
 C = Inter-level travel time spent in this place.
 D = Time resting spent in this place.
 E = Time spent auto-exploring this place.
 F = Levels seen in this place.
 G = Mean time per level.
                   A        B        C        D        E       F      G
               +--------+--------+--------+--------+--------+-----+--------+
         Total |    165 |    165 |      0 |      0 |      0 |   2 |   82.5 |
       Dungeon |    165 |    165 |      0 |      0 |      0 |   2 |   82.5 |
               +--------+--------+--------+--------+--------+-----+--------+

Top non-repeatable levels by time:
     D:4: 119 daAuts
     D:5: 45 daAuts
